[Event "Italian-ch Juniors U20 2022"]
[Site "Cagliari"]
[Date "2022.11.21"]
[Round "5.4"]
[White "Bin-Suhayl, Ieysaa"]
[Black "Orfini, Nicolo`"]
[Result "1-0"]
[ECO "E71"]
[WhiteElo "2230"]
[BlackElo "2227"]
[Annotator "TA"]
[PlyCount "77"]
[EventDate "2022.11.17"]
[EventType "tourn"]
[EventCountry "ITA"]
[SourceTitle "playchess.com"]
[Source "ChessBase"]
[SourceQuality "1"]
[TimeControl "40/6000+30:20/3000:900+30"]

1. d4 Nf6 2. c4 d6 3. Nc3 g6 4. e4 Bg7 5. h3 e5 6. d5 {[%emt 0:02:14] E71: King's Indian: 4 e4 d6 5 h3.} a5 7. g4 Na6 8. Nge2 {[%emt 0:00:08] The position is equal.} Nd7 {[%emt 0:03:09] [#]} 9. h4 $146 ({Predecessor:} 9. Be3 Bf6 10. Qd2 h6 11. O-O-O Bg5 12. f4 exf4 13. Nxf4 Ne5 14. Be2 Bd7 15. Kb1 {0-1 (49) Niemann,H (2688)-Saric,I (2668) chess24.com INT 2022}) 9... h5 10. Ng3 (10. g5 $11 {remains equal.}) 10... Nf6 (10... hxg4 $17 11. h5 Ndc5) 11. g5 $14 Nd7 12. Be2 (12. Be3) 12... Qe7 13. Be3 f6 14. a3 fxg5 15. hxg5 (15. Bxg5 Bf6) ({Reject} 15. Bxg5 Bf6 $11) 15... Nf8 {[%emt 0:01:23] Against b4. Black is on the road to losing.} (15... Nac5) ({Black should try} 15... Nac5 $14) 16. b4 $16 {[%emt 0:01:46] White is more active.} Nb8 (16... h4 $16) 17. c5 $18 Bd7 (17... h4 {might work better.}) 18. bxa5 Rxa5 19. Qb3 Bc8 20. cxd6 Qxd6 21. Nb5 Rxb5 22. Bxb5+ ({Less strong is} 22. Qxb5+ Nfd7 23. Qa5 b6 $18) 22... Nfd7 23. Rc1 {[%emt 0:01:17] [#] Hoping for Bc5.} Kd8 24. Ne2 Bf8 25. Rc3 Na6 26. Bxa6 Qxa6 27. f4 Qa5 (27... Bd6 $142 28. f5 Nf8) 28. O-O Bd6 29. Kh1 b6 $2 (29... Qa6) 30. fxe5 Nxe5 31. Rf6 Ke7 (31... b5 $142 32. Nd4 Bd7 33. Ne6+ Bxe6) 32. Bd4 {[%emt 0:01:08] Threatens to win with Bxe5.} Bg4 33. Nf4 (33. Bxe5 $142 Rf8 34. Bxd6+ cxd6 35. Nd4 Rxf6 36. Nc6+ Ke8 37. Nxa5 Rf1+ 38. Kg2) 33... Qa6 34. Nd3 Nf3 35. e5 ({Stronger than} 35. Rxg6 Nxd4 $11) 35... Nxd4 36. exd6+ cxd6 37. Qb4 Nb5 38. Rc1 Rh7 {[%emt 0:01:23] [#]} 39. Rc7+ $3 {[%emt 0:00:43][%mdl 512] Weighted Error Value: White=0.28 (precise) /Black=0.83} 1-0